 Dungeon Crawl Stone Soup version 0.17.0-25-gefc9c12 (console) character file.

1553 gw the Basher (level 8, 0/74 HPs)
             Began as a Deep Dwarf Gladiator on Nov 19, 2015.
             Was an Initiate of Makhleb.
             Succumbed to ProzacElf's ghost's sting
             ... on level 7 of the Dungeon.
             The game lasted 00:04:10 (4453 turns).

gw the Basher (Deep Dwarf Gladiator)                Turns: 4453, Time: 00:04:11

Health: 0/74       AC: 18    Str: 23    XL:     8   Next: 57%
Magic:  5/5        EV:  7    Int: 10    God:    Makhleb [......]
Gold:   448        SH:  0    Dex: 15    Spells: 0 memorised, 7 levels left

rFire  . . .     SeeInvis +     a - +6 flail
rCold  . . .     Clarity  .     u - +0 plate armour
rNeg   + . .     SustAt   .     (no shield)
rPois  .         Gourm    .     n - +2 hat
rElec  .         Spirit   .     (no cloak)
rCorr  .         Warding  +     k - +2 pair of gloves
rMut   .         Stasis   .     s - +0 pair of boots
MR     +....                    o - amulet of warding
Stlth  ..........               (no ring)
                                c - ring of see invisible

@: confused, mighty, lethally poisoned (0 -> -40), non-regenerating, drained,
somewhat resistant to hostile enchantments, extremely unstealthy
A: damage resistance, recharge devices, sense surroundings 1, slow regeneration
3
a: Device Recharging, Renounce Religion


You were on level 7 of the Dungeon.
You worshipped Makhleb.
Makhleb was noncommittal.
You were not hungry.

You visited 2 branches of the dungeon, and saw 8 of its levels.

You collected 448 gold pieces.

Inventory:

Hand Weapons
 a - a +6 flail (weapon)
Missiles
 d - 7 throwing nets
 h - 52 bolts
Armour
 k - a +2 pair of gloves (worn)
 n - a +2 hat (worn)
 s - a +0 pair of boots (worn)
 u - a +0 plate armour (worn)
Jewellery
 c - a ring of see invisible (left hand)
 o - an amulet of warding (around neck)
Wands
 e - a wand of heal wounds (0)
Scrolls
 b - a scroll of blinking
 j - 7 scrolls of identify
Potions
 q - a potion of cure mutation
 r - a potion of might
Comestibles
 f - 5 bread rations
 i - 3 meat rations
 m - 2 royal jellies
 p - 7 fruits
 t - a beef jerky


   Skills:
 + Level 5.1(4.0) Fighting
 * Level 8.1(6.8) Maces & Flails
 - Level 1.7(0.7) Throwing
 + Level 5.5(4.3) Armour
 - Level 3.2(2.1) Dodging
 + Level 1.5(0.4) Invocations
 - Level 1.3(0.3) Evocations


You had 7 spell levels left.
You didn't know any spells.

Dungeon Overview and Level Annotations

Branches:
Dungeon (7/15)             Temple (1/1) D:6

Altars:
Ashenzari
Dithmenos
Elyvilon
Gozag
Kikubaaqudgha
Makhleb
Nemelex Xobeh
Okawaru
Qazlal
Ru
Sif Muna
Trog
Vehumet
Xom
Yredelemnul
Zin
The Shining One

Shops:
D:4 :   D:5 [(

Annotations:
D:7 ProzacElf's ghost, novice DrVM


Innate Abilities, Weirdness & Mutations

You are resistant to damage.
You can recharge devices by infusing magical energy.
You passively map a small area around you.
You do not regenerate naturally.


Message History

ProzacElf's ghost hits you but does no damage.
ATTACK MOVE TO (1,1)
You are engulfed in noxious fumes.
You choke on the stench!
You are more confused.
You feel very sick.
ProzacElf's ghost hits you but does no damage.
All of the chunks of flesh in your inventory have rotted away.
ATTACK MOVE TO (1,-1)
Your plate armour prevents you from hitting the black bear.
The black bear is severely wounded.
You are engulfed in noxious fumes.
You choke on the stench!
You are more confused.
You feel very sick.
The black bear is engulfed in noxious fumes.
The black bear appears confused.
ProzacElf's ghost gestures at you while chanting.
The ball explodes into a vile cloud!
The stinking cloud engulfs you!
The stinking cloud engulfs ProzacElf's ghost.
The stinking cloud engulfs the black bear.
ATTACK MOVE TO (0,-1)
You bump into the rock wall.
You are engulfed in noxious fumes.
You die...

#..# #.# * , ,* #.## #.#
#.# * #.# #.# #.# * *+#
#.####.# #.# , ... .......#
##.## * * .... #.######
#...## *.....
...##########...¤####......
*
...............¤h¤..'......
,,'
...######......¤gW###......
#.## #.###.#¤#.# ..... #.#
#.# #.###.# *.... ..# #.#
#.# #.# *... ### #.# #..
#.# *+# #.# ### #.# , #.# *
,#.# , #.., , ..#* #.. , *


You could see a black bear (confused) and ProzacElf's ghost.

Table legend:
 A = Turns spent in this place as a percentage of turns spent in the entire game.
 B = Non-inter-level travel turns spent in this place as a percentage of non-inter-level travel turns spent in the entire game.
 C = Inter-level travel turns spent in this place as a percentage of turns spent in this place.
 D = Turns resting spent in this place as a percentage of non-inter-level travel turns spent in this place.
 E = Turns spent auto-exploring this place as a percentage of non-inter-level travel turns spent in this place.
 F = Non-inter-level travel turns spent in this place divided by the number of levels of this place that you've seen.
                   A       B       C       D       E      F
               +-------+-------+-------+-------+-------+----------------------
         Total | 100.0 | 100.0 |   0.4 |   0.1 |   2.5 | 1131.0
       Dungeon |  98.2 |  98.2 |   0.4 |   0.1 |   2.5 | 1269.6
        Temple |   1.8 |   1.8 |   0.6 |   0.0 |   3.1 | 161.0
               +-------+-------+-------+-------+-------+----------------------

Table legend:
 A = Kills in this place as a percentage of kills in entire the game.
 B = Kills by you in this place as a percentage of kills by you in the entire game.
 C = Kills by friends in this place as a percentage of kills by friends in the entire game.
 D = Other kills in this place as a percentage of other kills in the entire game.
 E = Experience gained in this place as a percentage of experience gained in the entire game.
 F = Experience gained in this place divided by the number of levels of this place that you have seen.
                   A       B       C       D       E      F
               +-------+-------+-------+-------+-------+----------------------
         Total | 100.0 | 100.0 |  -nan |  -nan | 100.0 | 277.4
       Dungeon | 100.0 | 100.0 |  -nan |  -nan | 100.0 | 317.0
               +-------+-------+-------+-------+-------+----------------------

Vanquished Creatures
  2 orc warriors
  An ice beast (D:6)
  A centaur (D:6)
  6 ogres
  A giant frog (D:7)
  3 crimson imps
  3 hounds
  A jelly (D:5)
  3 worker ants
  Terence (D:2)
  An orc wizard (D:7)
  2 giant frog skeletons
  2 hound skeletons
  3 adders
  7 gnolls
  A shadow imp (D:5)
  2 oozes
  An adder skeleton (D:6)
  2 worms
  3 giant geckos
  12 orcs
  6 giant cockroaches
  4 hobgoblins
  3 quokkas
  A ball python (D:2)
  A ball python zombie (D:3)
  2 bats (D:1)
  A giant gecko zombie (D:3)
  5 giant newts
  6 goblins
  8 jackals
  6 kobolds
  A quokka skeleton (D:4)
  8 rats
110 creatures vanquished.

Notes
Turn   | Place    | Note
--------------------------------------------------------------
     0 | D:1      | gw the Deep Dwarf Gladiator began the quest for the Orb.
     0 | D:1      | Reached XP level 1. HP: 19/19 MP: 1/1
   129 | D:1      | Reached XP level 2. HP: 26/26 MP: 2/2
   514 | D:2      | Reached skill level 1 in Evocations
   585 | D:2      | Reached XP level 3. HP: 22/33 MP: 2/4
   589 | D:2      | Reached skill level 1 in Armour
   633 | D:2      | Reached XP level 4. HP: 20/40 MP: 5/5
   961 | D:2      | Noticed Terence
   967 | D:2      | Killed Terence
   967 | D:2      | Reached skill level 4 in Maces & Flails
  1188 | D:3      | Reached XP level 5. HP: 26/49 MP: 5/5
  1625 | D:3      | Found an opulent altar of Gozag.
  2056 | D:4      | Found Xintebla's Book Shoppe.
  2204 | D:4      | Reached skill level 5 in Maces & Flails
  2382 | D:4      | Reached XP level 6. HP: 42/56 MP: 6/6
  2389 | D:4      | Noticed an ogre
  2407 | D:4      | Killed an ogre
  2580 | D:5      | Entered Level 5 of the Dungeon
  2608 | D:5      | Found Kaan's Armour Boutique.
  2672 | D:5      | Found Xefezeh's Weapon Boutique.
  3114 | D:5      | Reached skill level 6 in Maces & Flails
  3114 | D:5      | Reached XP level 7. HP: 37/64 MP: 7/7
  3703 | D:6      | Reached skill level 7 in Maces & Flails
  3779 | D:6      | Reached XP level 8. HP: 59/73 MP: 7/7
  3811 | D:6      | Reached skill level 5 in Armour
  3901 | D:6      | Reached skill level 5 in Fighting
  3994 | D:6      | Found a staircase to the Ecumenical Temple.
  4000 | Temple   | Entered the Ecumenical Temple
  4008 | Temple   | Became a worshipper of Makhleb the Destroyer
  4101 | Temple   | Identified a scroll of acquirement
  4242 | D:7      | Reached skill level 8 in Maces & Flails
  4242 | D:7      | Reached skill level 1 in Invocations
  4410 | D:7      | Noticed ProzacElf's ghost (novice DrVM)
  4439 | D:7      | HP: 3/74 [ProzacElf's ghost/bolt of negative energy (5)]
  4453 | D:7      | Succumbed to ProzacElf's ghost's sting

Action                   |  1- 3 |  4- 6 |  7- 9 || total
-------------------------+-------+-------+-------++-------
Melee: Flail             |    83 |   202 |   127 ||   412
 Abil: Device Recharging |       |     1 |     3 ||     4
Evoke: Wand              |     4 |     4 |    12 ||    20
  Use: Scroll            |     5 |    11 |     2 ||    18
       Potion            |       |     6 |     9 ||    15
  Eat: Chunk             |       |     8 |     5 ||    13

Vault maps used:
D:1:      eino_arrival_cavern_d
D:2:      uniq_terence
D:3:      marbit_many_paths, first_bread, serial_undead, serial_undead_d,
          serial_undead_e, serial_undead_c, serial_undead_c
D:4:      kennysheep_big_flooded_room, serial_shops, shop
D:5:      serial_shops, shop, shop, minmay_misc_feat_doors
D:6:      minmay_temple_entry_fiery
D:7:      grunt_livestock
Temple:   lightli_temple_of_artemis
